Workbook
Name Planilha_1ÁreaTotal: #REF!,#REF!
Name Planilha_1ÁreaTotal: #REF!,#REF!
Name Planilha_1ÁreaTotal: #REF!,#REF!
Name Planilha_1ÁreaTotal: #REF!,#REF!
Name Planilha_1CabGráfico: #REF!
Name Planilha_1CabGráfico: #REF!
Name Planilha_1CabGráfico: #REF!
Name Planilha_1CabGráfico: #REF!
Name Planilha_1TítCols: #REF!,#REF!
Name Planilha_1TítCols: #REF!,#REF!
Name Planilha_1TítCols: #REF!,#REF!
Name Planilha_1TítCols: #REF!,#REF!
Name Planilha_1TítLins: #REF!
Name Planilha_1TítLins: #REF!
Name Planilha_1TítLins: #REF!
Name Planilha_1TítLins: #REF!
Name Planilha_2ÁreaTotal: #REF!,#REF!
Name Planilha_2ÁreaTotal: #REF!,#REF!
Name Planilha_2ÁreaTotal: #REF!,#REF!
Name Planilha_2CabGráfico: #REF!
Name Planilha_2CabGráfico: #REF!
Name Planilha_2CabGráfico: #REF!
Name Planilha_2TítCols: #REF!,#REF!
Name Planilha_2TítCols: #REF!,#REF!
Name Planilha_2TítCols: #REF!,#REF!
Name Planilha_2TítLins: #REF!
Name Planilha_2TítLins: #REF!
Name Planilha_2TítLins: #REF!
Name Planilha_3ÁreaTotal: #REF!,#REF!
Name Planilha_3ÁreaTotal: #REF!,#REF!
Name Planilha_3ÁreaTotal: #REF!,#REF!
Name Planilha_3CabGráfico: #REF!
Name Planilha_3CabGráfico: #REF!
Name Planilha_3CabGráfico: #REF!
Name Planilha_3TítCols: #REF!,#REF!
Name Planilha_3TítCols: #REF!,#REF!
Name Planilha_3TítCols: #REF!,#REF!
Name Planilha_3TítLins: #REF!
Name Planilha_3TítLins: #REF!
Name Planilha_3TítLins: #REF!
Name Planilha_4ÁreaTotal: #REF!,#REF!
Name Planilha_4ÁreaTotal: #REF!,#REF!
Name Planilha_4ÁreaTotal: #REF!,#REF!
Name Planilha_4TítCols: #REF!,#REF!
Name Planilha_4TítCols: #REF!,#REF!
Name Planilha_4TítCols: #REF!,#REF!

Sheet RGF-Anexo 01
A2: PREFEITURA MUNICIPAL DE INDAIATUBA
A3: Av. Eng. Fabio R. Barnabe, 2800 - Jd. Esplanada II
A4: C.N.P.J. 44.733.608/0001-09
A5: Telefone: (19) 3834-9000
A6: Tabela 1 - Demonstrativo da Despesa com Pessoal
A8: PREFEITURA MUNICIPAL DE INDAIATUBA
A9: RELATÓRIO DE GESTÃO FISCAL
A10: DEMONSTRATIVO DA DESPESA COM PESSOAL
A11: ORÇAMENTOS FISCAL E DA SEGURIDADE SOCIAL
A12: Período: 1º Quadrimestre | N12: Exercício: 2022
A14: RGF - ANEXO 1 (LRF, art. 55, inciso I, alínea "a") | O14: 1
B15: DESPESAS EXECUTADAS
B16: (Últimos 12 Meses)
A17: DESPESA COM PESSOAL | B17: LIQUIDADAS | O17: INSCRITAS EM
B18: <MR– 11> | C18: <MR– 10> | D18: <MR– 9> | E18: <MR– 8> | F18: <MR– 7> | G18: <MR– 6> | H18: <MR– 5> | I18: <MR– 4> | J18: <MR– 3> | K18: <MR– 2> | L18: <MR– 1> | M18: <MR> | N18: TOTAL | O18: RESTOS A PAGAR
N19: (ÚLTIMOS | O19: NÃO
N20: 12 MESES) | O20: PROCESSADOS
N21: (a) | O21: (b)
A22: DESPESA BRUTA COM PESSOAL (I) | B22: =B23+B27+B31 -> 40192476 | C22: =C23+C27+C31 -> 43969808 | D22: =D23+D27+D31 -> 49786140 | E22: =E23+E27+E31 -> 41053730 | F22: =F23+F27+F31 -> 40608800 | G22: =G23+G27+G31 -> 49005391 | H22: =H23+H27+H31 -> 61466880 | I22: =I23+I27+I31 -> 60799427 | ... M22: =M23+M27+M31 -> 51656564 | N22: =SUM(B22:M22) -> 5.8492751e+08 | O22: =O23+O27+O31 -> 0
A23: Pessoal Ativo | B23: =SUM(B24:B26) -> 33182716 | C23: =SUM(C24:C26) -> 33708098 | D23: =SUM(D24:D26) -> 42807774 | E23: =SUM(E24:E26) -> 33952885 | F23: =SUM(F24:F26) -> 33436241 | G23: =SUM(G24:G26) -> 41551817 | H23: =SUM(H24:H26) -> 50997535 | I23: =SUM(I24:I26) -> 54559161 | ... M23: =SUM(M24:M26) -> 42777110 | N23: =SUM(B23:M23) -> 4.8856299e+08 | O23: =SUM(O24:O26) -> 0
A24: Vencimentos, Vantagens e Outras Despesas Variáveis | B24: 28566720 | C24: 29102488 | D24: 38194500 | E24: 29238947 | F24: 28929528 | G24: 36556086 | H24: 42580518 | I24: 49319430 | J24: 37334993 | K24: 32604262 | L24: 35814809 | M24: 36854255 | N24: =SUM(B24:M24) -> 4.2509654e+08 | O24: 0
A25: Obrigações Patronais | B25: 4615995.9 | C25: 4605610.1 | D25: 4613273.8 | E25: 4713938.4 | F25: 4506712.7 | G25: 4995731.5 | H25: 8417017 | I25: 5239730.3 | J25: 4725919.5 | K25: 5382722.7 | L25: 5726943.8 | M25: 5922855.3 | N25: =SUM(B25:M25) -> 63466451 | O25: 0
A26: Benefícios Previdenciários | N26: =SUM(B26:M26) -> 0
A27: Pessoal Inativo e Pensionistas | B27: =SUM(B28:B30) -> 6678490.4 | C27: =SUM(C28:C30) -> 9563958.5 | D27: =SUM(D28:D30) -> 6536379 | E27: =SUM(E28:E30) -> 6587702.1 | F27: =SUM(F28:F30) -> 6711524.2 | G27: =SUM(G28:G30) -> 6802443.2 | H27: =SUM(H28:H30) -> 10177513 | I27: =SUM(I28:I30) -> 5740201.9 | ... M27: =SUM(M28:M30) -> 8376523.1 | N27: =SUM(B27:M27) -> 90752297 | O27: =SUM(O28:O30) -> 0
A28: Aposentadorias, Reserva e Reformas | B28: 5686257.2 | C28: 8535219.8 | D28: 5839278.7 | E28: 5877417.3 | F28: 5984945.8 | G28: 6054735.2 | H28: 9073411.1 | I28: 5014350.3 | J28: 6801523.2 | K28: 6899962.6 | L28: 7451269 | M28: 7537528.9 | N28: =SUM(B28:M28) -> 80755899 | O28: 0
A29: Pensões | B29: 992233.12 | C29: 1028738.7 | D29: 697100.27 | E29: 710284.79 | F29: 726578.45 | G29: 747708.06 | H29: 1104101.6 | I29: 725851.6 | J29: 802033.67 | K29: 798633.01 | L29: 824140.47 | M29: 838994.23 | N29: =SUM(B29:M29) -> 9996397.9 | O29: 0
A30: Outros Benefícios Previdenciários | N30: =SUM(B30:M30) -> 0
A31: Outras despesas de pessoal decorrentes de contratos de terceirização (§ 1º do art. 18 da LRF) | B31: 331269.08 | C31: 697751.27 | D31: 441987.29 | E31: 513142.84 | F31: 461035.05 | G31: 651130.45 | H31: 291832.64 | I31: 500064.52 | J31: 0 | K31: 426320.85 | L31: 794758.68 | M31: 502931.33 | N31: =SUM(B31:M31) -> 5612224 | O31: 0
A32: Despesa com Pessoal não Executada Orçamentariamente | N32: =SUM(B32:M32) -> 0
A33: DESPESAS NÃO COMPUTADAS (§ 1º do art. 19 da LRF) (II) | B33: =SUM(B34:B37) -> 6343377.7 | C33: =SUM(C34:C37) -> 9057426 | D33: =SUM(D34:D37) -> 6200624.2 | E33: =SUM(E34:E37) -> 6251947.3 | F33: =SUM(F34:F37) -> 6376099 | G33: =SUM(G34:G37) -> 6467788.5 | H33: =SUM(H34:H37) -> 9675530.7 | I33: =SUM(I34:I37) -> 5881519.4 | ... M33: =SUM(M34:M37) -> 8011984.9 | N33: =SUM(B33:M33) -> 86817734 | O33: =SUM(O34:O37) -> 0
A34: Indenizações por Demissão e Incentivos à Demissão Voluntária | N34: =SUM(B34:M34) -> 0
A35: Decorrentes de Decisão Judicial | N35: =SUM(B35:M35) -> 0
A36: Despesas de Exercícios Anteriores | N36: =SUM(B36:M36) -> 0
A37: Inativos e Pensionistas com Recursos Vinculados | B37: 6343377.7 | C37: 9057426 | D37: 6200624.2 | E37: 6251947.3 | F37: 6376099 | G37: 6467788.5 | H37: 9675530.7 | I37: 5881519.4 | J37: 7272763.1 | K37: 7367801.8 | L37: 7910871.3 | M37: 8011984.9 | N37: =SUM(B37:M37) -> 86817734 | O37: 0
A38: DESPESA LÍQUIDA COM PESSOAL (III) = (I - II) | B38: =B22-B33 -> 33849098 | C38: =C22-C33 -> 34912382 | D38: =D22-D33 -> 43585516 | E38: =E22-E33 -> 34801783 | F38: =F22-F33 -> 34232702 | G38: =G22-G33 -> 42537603 | H38: =H22-H33 -> 51791349 | I38: =I22-I33 -> 54917908 | ... M38: =M22-M33 -> 43644579 | N38: =SUM(B38:M38) -> 4.9810977e+08 | O38: =O22-O33 -> 0
B45: 1.4473922e+09
A46: APURAÇÃO DO CUMPRIMENTO DO LIMITE LEGAL | B46: VALOR | C46: % SOBRE A RCL AJUSTADA
A47: RECEITA CORRENTE LÍQUIDA - RCL (IV) | B47: 1.4473922e+09
A48: (-) TRANSF DA UNIÃO RELAT ÀS EMEN INDIVIDUAIS (ART. 166-A, §1º, DA CF) (V) | B48: 5652346.8
A49: (-) TRANSF DA UNIÃO RELAT ÀS EMEN DE BANCADA (ART. 166-A, §16º, DA CF) (VI)
A50: RCL AJUSTADA PARA CÁLCULOS DA DESPESA COM PESSOAL (VII) = (IV -V - VI) | B50: =B47-B48-B49 -> 1.4417398e+09
A51: DESPESA TOTAL COM PESSOAL - DTP (VIII) = (III a + III b) | B51: =N38+O38 -> 4.9810977e+08 | C51: =IF(B50>0,B51*100/B50,0) -> 34.549214
A52: LIMITE MÁXIMO (IX) (incisos I, II e III, art. 20 da LRF) | B52: =ROUND(B50*0.54,2) -> 7.785395e+08 | C52: =IF(B50>0,B52*100/B50,0) -> 54
A53: LIMITE PRUDENCIAL (X) = (0,95 x IX) (parágrafo único do art. 22 da LRF) | B53: =ROUND(B52*0.95,2) -> 7.3961252e+08 | C53: =IF(B50>0,B53*100/B50,0) -> 51.3
A54: LIMITE DE ALERTA (XI) = (0,90 x IX) (inciso II do §1º do art. 59 da LRF) | B54: =ROUND(B52*0.9,2) -> 7.0068555e+08 | C54: =IF(B50>0,B54*100/B50,0) -> 48.6
A55: FONTE: Sistema CECAM, Unidade Responsável: CONTABILIDADE. Emissão: 13/05/2022, às 07:57:32. Assinado Digitalmente no dia 13/05/2022, às 07:57:32.
A56: 1. Nos demonstrativos elaborados no primeiro e no segundo quadrimestre de cada exercício, os valores de restos a pagar não processados inscritos em 31 de dezembro do exercício anterior continuarão a ser informados nesse campo. Esses valores não sofrem alteração pelo seu processamento, e somente no caso de cancelamento podem ser excluídos.
A57: Nota: Os valores constantes na coluna do mês de DEZEMBRO, JANEIRO a ABRIL, sofreram ajustes (reduções) correspondentes a movimentação anual do Poder Legislativo para fins de demonstração individualiza da despesa com pessoal por Poder (LEGISLATIVO E EXECUTIVO). Portanto, os valores constantes neste quadro referem-se exclusivamente as despesas de pessoal do Poder Executivo
A61: NILSON ALCIDES GASPAR | D61: MARIANA ALVES RIZATO | J61: LUIS HENRIQUE BORTOLETTO
A62: PREFEITO MUNICIPAL | D62: CONTADORA | J62: COORDENADOR DE SERVIÇOS DE CONTABILIDADE
D63: CRC - SP 321123/O-4 | J63: CRC-SP 289944/O-3
A69: Tabela 1.2
A70: TRAJETÓRIA DE RETORNO AO LIMITE DA DESPESA TOTAL COM PESSOAL
A71: Trajetória de Retorno ao Limite da Despesa Total com Pessoal | B71: <Exercício em que o ente excedeu o limite> | E71: <Exercício do primeiro período seguinte> | H71: <Exercício do segundo período seguinte>
B72: <Quadrimestre/Semestre> | E72: <Primeiro período seguinte> | H72: <Segundo período seguinte>
B73: Limite Máximo (a) | C73: % DTP (b) | D73: % Excedente (c) = (b-a) | E73: Redutor mínimo de 1/3 do Excedente (d) = (1/3*c) | F73: Limite (e) = (b-d) | G73: % DTP (f) | H73: Redutor Residual (g) = (f-a) | I73: Limite (h) = (a) | J73: % DTP (i)
A74: Percentual Trajetória de Retorno ao Limite da Despesa Total com Pessoal
A75: Nota: DTP corresponde à Despesa Total com Pessoal.

Sheet RGF-Anexo 02
A2: PREFEITURA MUNICIPAL DE INDAIATUBA
A3: Av. Eng. Fabio R. Barnabe, 2800 - Jd. Esplanada II
A4: C.N.P.J. 44.733.608/0001-09
A5: Telefone: (19) 3834-9000
A6: Tabela 2 - Demonstrativo da Dívida Consolidada Líquida - Estados, DF e Municípios
A8: PREFEITURA MUNICIPAL DE INDAIATUBA
A9: RELATÓRIO DE GESTÃO FISCAL
A10: DEMONSTRATIVO DA DÍVIDA CONSOLIDADA LÍQUIDA
A11: ORÇAMENTOS FISCAL E DA SEGURIDADE SOCIAL
A12: Período: 1º Quadrimestre | E12: Exercício: 2022
A18: RGF - ANEXO 2 (LRF, art. 55, inciso I, alínea "b") | E18: 1
A19: DÍVIDA CONSOLIDADA | B19: SALDO DO | C19: SALDO DO EXERCÍCIO DE <EXERCÍCIO>
B20: EXERCÍCIO ANTERIOR | C20: Até o 1º Quadrimestre | D20: Até o 2º Quadrimestre | E20: Até o 3º Quadrimestre
A21: DÍVIDA CONSOLIDADA - DC (I) | B21: =B22+B23+B38+B39 -> 37638705 | C21: =C22+C23+C38+C39 -> 36680823 | D21: =D22+D23+D38+D39 -> 0 | E21: =E22+E23+E38+E39 -> 0
A22: Dívida Mobiliária
A23: Dívida Contratual | B23: =B24+B27+B28+B31+B37 -> 37638705 | C23: =C24+C27+C28+C31+C37 -> 36680823 | D23: =D24+D27+D28+D31+D37 -> 0 | E23: =E24+E27+E28+E31+E37 -> 0
A24: Empréstimos | B24: =SUM(B25:B26) -> 37638705 | C24: =SUM(C25:C26) -> 36680823 | D24: =SUM(D25:D26) -> 0 | E24: =SUM(E25:E26) -> 0
A25: Interna | B25: 37638705 | C25: 36680823 | D25: 0 | E25: 0
A26: Externa
A27: Reestruturação da Dívida de Estados e Municípios
A28: Financiamentos | B28: =SUM(B29:B30) -> 0 | C28: =SUM(C29:C30) -> 0 | D28: =SUM(D29:D30) -> 0 | E28: =SUM(E29:E30) -> 0
A29: Interna | B29: 0 | C29: 0 | D29: 0 | E29: 0
A30: Externa
A31: Parcelamento e Renegociação de Dívidas | B31: =SUM(B32:B36) -> 0 | C31: =SUM(C32:C36) -> 0 | D31: =SUM(D32:D36) -> 0 | E31: =SUM(E32:E36) -> 0
A32: De Tributos
A33: De Contribuições Previdenciárias
A34: De Demais Contribuições Sociais
A35: De FGTS
A36: Com Instituição Não Financeira
A37: Demais Dívidas Contratuais
A38: Precatórios posteriores a 05/05/2000 (inclusive) - Vencidos e não pagos | B38: 0 | C38: 0 | D38: 0 | E38: 0
A39: Outras Dívidas
A40: DEDUÇÕES (II)¹ | B40: =IF(B41+B45>0,B41+B45,0) -> 5.9210721e+08 | C40: =IF(C41+C45>0,C41+C45,0) -> 7.1348183e+08 | D40: =D41+D46 -> 0 | E40: =E41+E46 -> 0
A41: Disponibilidade de Caixa | B41: =IF(B42>B43,B42-B43,0) -> 5.915107e+08 | C41: =IF(C42>C43,C42-C43-C44,0) -> 7.1269906e+08 | D41: =D42-D43-D45 -> 0 | E41: =E42-E43-E45 -> 0
A42: Disponibilidade de Caixa Bruta | B42: 6.0841381e+08 | C42: 7.8944975e+08 | D42: 0 | E42: 0
A43: (-) Restos a Pagar Processados | B43: 16903111 | C43: 73963776 | D43: 0 | E43: 0
A44: (-) Depósitos Restituíveis e Valores Vinculados | B44: 0 | C44: 2786913.3
A45: Demais Haveres Financeiros | B45: 596509.43 | C45: 782771.89 | D45: 0 | E45: 0
A46: DÍVIDA CONSOLIDADA LÍQUIDA (DCL) (III) = (I - II) | B46: =B21-B40 -> -5.5446851e+08 | C46: =C21-C40 -> -6.7680101e+08 | D46: 0 | E46: 0
A47: RECEITA CORRENTE LÍQUIDA - RCL (IV) | B47: 1.3642744e+09 | C47: 1.4473922e+09 | D47: =D21-D40 -> 0 | E47: =E21-E40 -> 0
A48: (-) TRANSF DE EMEN INDIVIDUAIS (ART. 166-A, §1º, DA CF) (V) | B48: 5651793 | C48: 5652346.8 | D48: 0 | E48: 0
A49: RCL PARA LIMITE DE ENDIVIDAMENTO (VI) = (IV -V) | B49: =B47-B48 -> 1.3586226e+09 | C49: =C47-C48 -> 1.4417398e+09 | D49: 0 | E49: 0
A50: % da DC sobre a RCL AJJUSTADA (I/VI) | B50: =IF(B49>0,B21*100/B49,0) -> 2.7703576 | C50: =IF(C49>0,C21*100/C49,0) -> 2.5442055 | D50: =D48-D49 -> 0 | E50: =E48-E49 -> 0
A51: % da DCL sobre a RCL AJUSTTADA (III/VI) | B51: =IF(B49>0,B46*100/B49,0) -> -40.811076 | C51: =IF(C49>0,C46*100/C49,0) -> -46.943353 | D51: =IF(D50>0,D21*100/D50,0) -> 0 | E51: =IF(E50>0,E21*100/E50,0) -> 0
A52: LIMITE DEFINIDO POR RESOLUÇÃO DO SENADO FEDERAL - <%> | B52: =ROUND(B49*1.2,2) -> 1.6303471e+09 | C52: =ROUND(C49*1.2,2) -> 1.7300878e+09 | D52: =IF(D50>0,D47*100/D50,0) -> 0 | E52: =IF(E50>0,E47*100/E50,0) -> 0
A53: LIMITE DE ALERTA (inciso III do § 1º do art. 59 da LRF) - <%> | B53: =ROUND(B52*0.9,2) -> 1.4673124e+09 | C53: =ROUND(C52*0.9,2) -> 1.557079e+09 | D53: =ROUND(D50*1.2,2) -> 0 | E53: =ROUND(E50*1.2,2) -> 0
A54: OUTROS VALORES NÃO INTEGRANTES DA DC | B54: =ROUND(B53*0.9,2) -> 1.3205812e+09 | C54: =ROUND(C53*0.9,2) -> 1.4013711e+09 | D54: =ROUND(D53*0.9,2) -> 0 | E54: =ROUND(E53*0.9,2) -> 0
A55: PRECATÓRIOS ANTERIORES A 05/05/2000
A56: PRECATÓRIOS POSTERIORES A 05/05/2000
A57: PASSIVO ATUARIAL | B57: 1.9006243e+09 | C57: 1.9006243e+09
A58: INSUFICIÊNCIA FINANCEIRA | B58: =IF(B42<B43,B43-B42,0) -> 0 | C58: =IF(C42<C43,C43-C42,0) -> 0 | D58: 0 | E58: 0
A59: DEPÓSITOS | B59: 3652127.7 | C59: 0 | D59: 0 | E59: 0
A60: RP NÃO-PROCESSADOS | B60: 67614013 | C60: 2.842732e+08
A61: ANTECIPAÇÕES DE RECEITA ORÇAMENTÁRIA – ARO
A62: DÍVIDA CONTRATUAL DE PPP
A63: FONTE: Sistema CECAM, Unidade Responsável: CONTABILIDADE. Emissão: 13/05/2022, às 07:57:42. Assinado Digitalmente no dia 13/05/2022, às 07:57:42.
A64: FONTE: Sistema <Nome>, Unidade Responsável <Nome>, Data da emissão <dd/mmm/aaaa> e hora de emissão <hhh e mmm>
A65: 1. Se o saldo apurado for negativo, ou seja, se o total do Ativo Disponível mais os Haveres Financeiros for menor que Restos a Pagar Processados, não deverá ser informado nessa linha, mas sim na linha da “Insuficiência Financeira”, das Obrigações não integrantes da Dívida Consolidada - DC. Assim quando o cálculo de DEDUÇÕES (II) for negativo, colocar um "-" (traço) nessa linha.
A66: Nota:
A68: NILSON ALCIDES GASPAR | C68: MARIANA ALVES RIZATO | G68: LUIS HENRIQUE BORTOLETTO
A69: PREFEITO MUNICIPAL | C69: CONTADORA | G69: COORDENADOR DE SERVIÇOS DE CONTABILIDADE
C70: CRC - SP 321123/O-4 | G70: CRC-SP 289944/O-3
A78: Tabela 2.1
A79: TRAJETÓRIA DE RETORNO AO LIMITE DA DÍVIDA CONSOLIDADA LÍQUIDA
A80: Trajetória de Retorno ao Limite da Dívida Consolidada Líquida | B80: <Exercício em que o ente excedeu o limite> | E80: <Exercício do primeiro período seguinte> | H80: <Exercício do segundo período seguinte> | K80: <Exercício do terceiro período seguinte>
B81: <Quadrimestre/Semestre> | E81: <Primeiro período seguinte> | H81: <Segundo período seguinte> | K81: <Terceiro período seguinte>
B82: Limite Máxímo (a) | C82: % DCL (b) | D82: % Excedente (c) = (b-a) | E82: Redutor mínimo de 25% do Excedente (d) = (0,25*c) | F82: Limite (e) = (b-d) | G82: % DCL (f) | H82: Redutor Residual (g) = (f-a) | I82: Limite (h) = (e) | J82: % DCL (i) | K82: Redutor Residual (j) = (i-a) | L82: Limite (k) = (a) | M82: % DCL (l)
A83: Valores Percentuais | B83: 0 | C83: 0 | D83: 0 | E83: 0
A86: Tabela 2.2
A87: TRAJETÓRIA DE AJUSTE DA DÍVIDA CONSOLIDADA LÍQUIDA EM CADA EXERCÍCIO FINANCEIRO
B88: 2001 | E88: 2002 | H88: 2003 | K88: 2004
A89: Exercício Financeiro | B89: 3º Quadrimestre | E89: Quadrimestre | H89: Quadrimestre | K89: Quadrimestre
B90: DCL | C90: Excedente² | D90: Redutor | E90: 1º | F90: 2º | G90: 3º | H90: 1º | I90: 2º | J90: 3º | K90: 1º | L90: 2º | M90: 3º
A91: % da DCL sobre a RCL
A92: % Limite de Endividamento
B94: 2005 | E94: 2006 | H94: 2007 | K94: 2008
A95: Exercício Financeiro | B95: Quadrimestre | E95: Quadrimestre | H95: Quadrimestre | K95: Quadrimestre
B96: 1º | C96: 2º | D96: 3º | E96: 1º | F96: 2º | G96: 3º | H96: 1º | I96: 2º | J96: 3º | K96: 1º | L96: 2º | M96: 3º
A97: % da DCL sobre a RCL
A98: % Limite de Endividamento
B100: 2009 | E100: 2010 | H100: 2011 | K100: 2012
A101: Exercício Financeiro | B101: Quadrimestre | E101: Quadrimestre | H101: Quadrimestre | K101: Quadrimestre
B102: 1º | C102: 2º | D102: 3º | E102: 1º | F102: 2º | G102: 3º | H102: 1º | I102: 2º | J102: 3º | K102: 1º | L102: 2º | M102: 3º
A103: % da DCL sobre a RCL
A104: % Limite de Endividamento
B106: 2013 | E106: 2014 | H106: 2015 | K106: 2016
A107: Exercício Financeiro | B107: Quadrimestre | E107: Quadrimestre | H107: Quadrimestre | K107: Quadrimestre
B108: 1º | C108: 2º | D108: 3º | E108: 1º | F108: 2º | G108: 3º | H108: 1º | I108: 2º | J108: 3º | K108: 1º | L108: 2º | M108: 3º
A109: % da DCL sobre a RCL
A110: % Limite de Endividamento
A111: =A64 -> FONTE: Sistema <Nome>, Unidade Responsável <Nome>, Data da emissão <dd/mmm/aaaa> e hora de emissão <hhh e mmm>
A112: ¹ Se o saldo apurado for negativo, ou seja, se o total do Ativo Disponível mais os Haveres Financeiros for menor que Restos a Pagar Processados, não deverá ser informado nessa linha, mas sim
A113: na linha da “Insuficiência Financeira”, das Obrigações não integrantes da Dívida Consolidada - DC. Assim quando o cálculo de DEDUÇÕES (II) for negativo, colocar um "-" (traço) nessa linha.
A114: Nota:
A115: ² O excedente em relação ao limite apurado ao final do exercício de 2001 deverá ser reduzido, no mínimo, à proporção de 1/15 (um quinze avos) a cada exercício financeiro. O valor da redução
A116: anual, 1/15 (um quinze avos) do excedente, é apresentado na coluna Redutor.
A120: NILSON ALCIDES GASPAR | C120: MARIANA ALVES RIZATO | G120: LUIS HENRIQUE BORTOLETTO
A121: PREFEITO MUNICIPAL | C121: CONTADORA | G121: COORDENADOR DE SERVIÇOS DE CONTABILIDADE
C122: CRC - SP 321123/O-4 | G122: CRC-SP 289944/O-3

Sheet RGF-Anexo 03
A2: PREFEITURA MUNICIPAL DE INDAIATUBA
A3: Av. Eng. Fabio R. Barnabe, 2800 - Jd. Esplanada II
A4: C.N.P.J. 44.733.608/0001-09
A5: Telefone: (19) 3834-9000
A6: Tabela 3 - Demonstrativo das Garantias e Contragarantias de Valores
A8: PREFEITURA MUNICIPAL DE INDAIATUBA
A9: RELATÓRIO DE GESTÃO FISCAL
A10: DEMONSTRATIVO DAS GARANTIAS E CONTRAGARANTIAS DE VALORES
A11: ORÇAMENTOS FISCAL E DA SEGURIDADE SOCIAL
A12: Período: 1º Quadrimestre
A19: RGF - ANEXO 3 (LRF, art. 55, inciso I, alínea "c" e art. 40, § 1º)
A20: GARANTIAS CONCEDIDAS | B20: SALDO DO | C20: SALDOS DO EXERCÍCIO DE <EXERCÍCIO>
B21: EXERCÍCIO ANTERIOR | C21: Até o 1º Quadrimestre | D21: Até o 2º Quadrimestre | E21: Até o 3º Quadrimestre
A22: AOS ESTADOS (I) | B22: =SUM(B23:B24) -> 0 | C22: =SUM(C23:C24) -> 0 | D22: =SUM(D23:D24) -> 0 | E22: =SUM(E23:E24) -> 0
A23: Em Operações de Crédito Externas
A24: Em Operações de Crédito Internas
A25: AOS MUNICÍPIOS (II) | B25: =SUM(B26:B27) -> 0 | C25: =SUM(C26:C27) -> 0 | D25: =SUM(D26:D27) -> 0 | E25: =SUM(E26:E27) -> 0
A26: Em Operações de Crédito Externas
A27: Em Operações de Crédito Internas
A28: ÀS ENTIDADES CONTROLADAS (III) | B28: =SUM(B29:B30) -> 0 | C28: =SUM(C29:C30) -> 0 | D28: =SUM(D29:D30) -> 0 | E28: =SUM(E29:E30) -> 0
A29: Em Operações de Crédito Externas
A30: Em Operações de Crédito Internas
A31: POR MEIO DE FUNDOS E PROGRAMAS (IV)
A32: TOTAL GARANTIAS CONCEDIDAS (V) = (I + II + III + IV) | B32: =B22+B25+B28 -> 0 | C32: =C22+C25+C28 -> 0 | D32: =D22+D25+D28 -> 0 | E32: =E22+E25+E28 -> 0
A33: RECEITA CORRENTE LÍQUIDA - RCL (VI) | B33: 1.3642744e+09 | C33: 1.4473922e+09 | D33: 0 | E33: 0
A34: (-) TRANSF DE EMEN INDIVIDUAIS (ART. 166-A, §1º, DA CF) (VII) | B34: 5651793 | C34: 5652346.8 | D34: 0 | E34: 0
A35: RCL PARA LIMITE DE ENDIVIDAMENTO (VIII) = (VI -VII) | B35: =B33-B34 -> 1.3586226e+09 | C35: =C33-C34 -> 1.4417398e+09 | D35: =D33-D34 -> 0 | E35: =E33-E34 -> 0
A36: % do TOTAL DAS GARANTIAS sobre a RCL (V/VIII) | B36: =IF(B35>0,B32*100/B35,0) -> 0 | C36: =IF(C35>0,C32*100/C35,0) -> 0 | D36: =IF(D35>0,D32*100/D35,0) -> 0 | E36: =IF(E35>0,E32*100/E35,0) -> 0
A37: LIMITE DEFINIDO POR RESOLUÇÃO DO SENADO FEDERAL - <%> | B37: =ROUND(B35*0.22,2) -> 2.9889698e+08 | C37: =ROUND(C35*0.22,2) -> 3.1718276e+08 | D37: =ROUND(D35*0.22,2) -> 0 | E37: =ROUND(E35*0.22,2) -> 0
A38: LIMITE DE ALERTA (inciso III do §1º do art. 59 da LRF) - <%> | B38: =ROUND(B37*0.9,2) -> 2.6900728e+08 | C38: =ROUND(C37*0.9,2) -> 2.8546448e+08 | D38: =ROUND(D37*0.9,2) -> 0 | E38: =ROUND(E37*0.9,2) -> 0
A39: CONTRAGARANTIAS RECEBIDAS | B39: SALDO DO | C39: SALDOS DO EXERCÍCIO DE <EXERCÍCIO>
B40: EXERCÍCIO ANTERIOR | C40: Até o 1º Quadrimestre | D40: Até o 2º Quadrimestre | E40: Até o 3º Quadrimestre
A41: DOS ESTADOS (VII) | B41: =SUM(B42:B43) -> 0 | C41: =SUM(C42:C43) -> 0 | D41: =SUM(D42:D43) -> 0 | E41: =SUM(E42:E43) -> 0
A42: Em Garantia às Operações de Crédito Externas
A43: Em Garantia às Operações de Crédito Internas
A44: DOS MUNICÍPIOS (VIII) | B44: =SUM(B45:B46) -> 0 | C44: =SUM(C45:C46) -> 0 | D44: =SUM(D45:D46) -> 0 | E44: =SUM(E45:E46) -> 0
A45: Em Garantia às Operações de Crédito Externas
A46: Em Garantia às Operações de Crédito Internas
A47: DAS ENTIDADES CONTROLADAS (IX) | B47: =SUM(B48:B49) -> 0 | C47: =SUM(C48:C49) -> 0 | D47: =SUM(D48:D49) -> 0 | E47: =SUM(E48:E49) -> 0
A48: Em Garantia às Operações de Crédito Externas
A49: Em Garantia às Operações de Crédito Internas
A50: EM GARANTIAS POR MEIO DE FUNDOS E PROGRAMAS (X)
A51: TOTAL CONTRAGARANTIAS RECEBIDAS (XI) = (VII + VIII + IX + X) | B51: =B41+B44+B47 -> 0 | C51: =C41+C44+C47 -> 0 | D51: =D41+D44+D47 -> 0 | E51: =E41+E44+E47 -> 0
A52: MEDIDAS CORRETIVAS:
A53: FONTE: Sistema CECAM, Unidade Responsável: CONTABILIDADE. Emissão: 13/05/2022, às 07:57:47. Assinado Digitalmente no dia 13/05/2022, às 07:57:47.
A54: 1. Inclui garantias concedidas por meio de Fundos
A55: Nota:
A58: NILSON ALCIDES GASPAR | C58: MARIANA ALVES RIZATO
A59: PREFEITO MUNICIPAL | C59: CONTADORA
C60: CRC - SP 321123/O-4
B65: LUIS HENRIQUE BORTOLETTO
B66: COORDENADOR DE SERVIÇOS DE CONTABILIDADE
B67: CRC-SP 289944/O-3

Sheet RGF-Anexo 04
A2: PREFEITURA MUNICIPAL DE INDAIATUBA
A3: Av. Eng. Fabio R. Barnabe, 2800 - Jd. Esplanada II
A4: C.N.P.J. 44.733.608/0001-09
A5: Telefone: (19) 3834-9000
A6: Tabela 4 - Demonstrativo das Operações de Crédito
A8: PREFEITURA MUNICIPAL DE INDAIATUBA
A9: RELATÓRIO DE GESTÃO FISCAL
A10: DEMONSTRATIVO DAS OPERAÇÕES DE CRÉDITO
A11: ORÇAMENTOS FISCAL E DA SEGURIDADE SOCIAL
A12: Período: 1º Quadrimestre
A17: RGF - ANEXO 4 (LRF, art. 55, inciso I, alínea "d" e inciso III alínea "c") | C17: 1
A18: OPERAÇÕES DE CRÉDITO | B18: VALOR REALIZADO
B19: No Quadrimestre | C19: Até o Quadrimestre
B20: de Referência | C20: de Referência (a)
A21: Mobiliária | B21: =SUM(B22:B23) -> 0 | C21: =SUM(C22:C23) -> 0
A22: Interna
A23: Externa
A24: Contratual | B24: =B25+B31 -> 0 | C24: =C25+C31 -> 0
A25: Interna | B25: =SUM(B26:B30) -> 0 | C25: =SUM(C26:C30) -> 0
A26: Empréstimos
A27: Aquisição Financiada de Bens e Arrendamento Mercantil Financeiro
A28: Antecipação de Receita pela Venda a Termo de Bens e Serviços
A29: Assunção, Reconhecimento e Confissão de Dívidas (LRF, art. 29, § 1º)
A30: Operações de Crédito Previstas no art. 7° § 3º da RSF n° 43/2001 (I)
A31: Externa | B31: =SUM(B32:B36) -> 0 | C31: =SUM(C32:C36) -> 0
A32: Empréstimos
A33: Aquisição Financiada de Bens e Arrendamento Mercantil Financeiro
A34: Antecipação de Receita pela Venda a Termo de Bens e Serviços
A35: Assunção, Reconhecimento e Confissão de Dívidas (LRF, art. 29, § 1º)
A36: Operações de Crédito Previstas no art. 7° § 3º da RSF n° 43/2001 (II)
A37: TOTAL (III) | B37: =B21+B24 -> 0 | C37: =C21+C24 -> 0
A44: APURAÇÃO DO CUMPRIMENTO DOS LIMITES | B44: VALOR | C44: % SOBRE
C45: A RCL
A46: Receita Corrente Líquida - RCL (IV) | B46: 1.4473922e+09
A47: (-) Trasnferências Obrigatórias da União relativas às Emendas Individuais (art. 166-A, §1º, DA CF) (V) | B47: 5652346.8
A48: Receita Corrente Líquida Ajustada para Cálculo dos Limites de Endividamento (VI) = (IV - V) | B48: =B46-B47 -> 1.4417398e+09
A49: Operações Vedadas (VII) | C49: =IF(B48>0,B49*100/B48,0) -> 0
A50: Total Considerado para Fins da Apuração do Cumprimento do Limite (VIII) = (IIIa + VII - Ia - IIa) | B50: =C37+B49-C31-C36 -> 0 | C50: =IF(B48>0,B50*100/B48,0) -> 0
A51: Limite Geral Definido por Resolução do Senado Federal para as Operações de Crédito Internas e Externas | B51: =ROUND(B48*0.16,2) -> 2.3067837e+08 | C51: =IF(B48>0,B51*100/B48,0) -> 16
A52: Limite de Alerta(inciso III do § 1º do art. 59 da LRF) | B52: =ROUND(B51*0.9,2) -> 2.0761053e+08 | C52: =IF(B48>0,B52*100/B48,0) -> 14.4
A53: Operações de Crédito por Antecipação da Receita Orçamentária | C53: =IF(B48>0,B53*100/B48,0) -> 0
A54: Limite Definido por Resolução do Senado Federal para as Operações de Crédito por ARO | B54: =ROUND(B48*0.07,2) -> 1.0092179e+08 | C54: =IF(B48>0,B54*100/B48,0) -> 7
A62: OUTRAS OPERAÇÕES QUE INTEGRAM A DÍVIDA CONSOLIDADA | B62: VALOR | C62: % SOBRE
C63: A RCL
A64: Parcelamentos de Dívidas | B64: =SUM(B65:B67) -> 0 | C64: =IF(B48>0,B64*100/B48,0) -> 0
A65: Tributos | C65: =IF(B48>0,B65*100/B48,0) -> 0
A66: Contribuições Previdenciárias | C66: =IF(B48>0,B66*100/B48,0) -> 0
A67: FGTS | C67: =IF(B48>0,B67*100/B48,0) -> 0
A68: Operações de Reestruturação e Recomposição do Principal de Dívidas | C68: =IF(B48>0,B68*100/B48,0) -> 0
A69: FONTE: Sistema CECAM, Unidade Responsável: CONTABILIDADE. Emissão: 13/05/2022, às 07:57:49. Assinado Digitalmente no dia 13/05/2022, às 07:57:49.
A70: 1 Para fins de contratação de operações de crédito, verificadas pela STN/COPEM segundo o Manual para Instrução de Pleitos, serão consideradas no cálculo do limite as operações que pressupõem ingresso financeiro.
A71: 2 < Medidas Corretivas>
A72: Notas:
A75: NILSON ALCIDES GASPAR | B75: MARIANA ALVES RIZATO
A76: PREFEITO MUNICIPAL | B76: CONTADORA
B77: CRC - SP 321123/O-4
B81: LUIS HENRIQUE BORTOLETTO
B82: COORDENADOR DE SERVIÇOS DE CONTABILIDADE
B83: CRC-SP 289944/O-3

Sheet RGF-Anexo 05
A2: PREFEITURA MUNICIPAL DE INDAIATUBA
A3: Av. Eng. Fabio R. Barnabe, 2800 - Jd. Esplanada II
A4: C.N.P.J. 44.733.608/0001-09
A5: Telefone: (19) 3834-9000
A6: Tabela 5 – Demonstrativo da Disponibilidade de Caixa e dos Restos a Pagar
A8: PREFEITURA MUNICIPAL DE INDAIATUBA
A9: RELATÓRIO DE GESTÃO FISCAL
A10: DEMONSTRATIVO DA DISPONIBILIDADE DE CAIXA E DOS RESTOS A PAGAR
A11: ORÇAMENTOS FISCAL E DA SEGURIDADE SOCIAL
A12: Período: 1º Quadrimestre
A14: RGF – ANEXO 5 (LRF, art. 55, Inciso III, alínea "a") | J14: 1
A15: IDENTIFICAÇÃO DOS RECURSOS | B15: DISPONIBILIDADE DE CAIXA BRUTA | C15: OBRIGAÇÕES FINANCEIRAS | G15: DISPONIBILIDADE DE CAIXA LÍQUIDA (ANTES DA INSCRIÇÃO EM RESTOS A PAGAR NÃO PROCESSADOS DO EXERCÍCIO) | H15: RESTOS A PAGAR EMPENHADOS E NÃO LIQUIDADOS DO EXERCÍCIO | I15: EMPENHOS NÃO LIQUIDADOS CANCELADOS (NÃO INSCRITOS POR INSUFICIÊNCIA FINANCEIRA) | J15: DISPONIBILIDADE DE CAIXA LÍQUIDA (APÓS DA INSCRIÇÃO EM RESTOS A PAGAR NÃO PROCESSADOS DO EXERCÍCIO)
C16: Restos a Pagar Liquidados e Não Pagos | E16: Restos a Pagar Empenhados e Não Liquidados de Exercícios Anteriores | F16: Demais Obrigaçãoes Fianceiras
C17: De Exercícios Anteriores | D17: Do Exercício
B18: (a) | C18: (b) | D18: (c) | E18: (d) | F18: (e) | G18: (g)=(a-(b+c+d+e)-f) | H18: (h) | J18: (i)=(g - h)
A22: TOTAL DOS RECURSOS NÃO VINCULADOS (I) | B22: =SUM(B23:B24) -> 0 | C22: =SUM(C23:C24) -> 0 | D22: =SUM(D23:D24) -> 0 | E22: =SUM(E23:E24) -> 0 | F22: =SUM(F23:F24) -> 0 | G22: =B22-C22-D22-E22-F22 -> 0 | H22: =SUM(H23:H24) -> 0 | I22: =SUM(I23:I24) -> 0 | J22: =G22-H22 -> 0
A23: Recursos Ordinários | B23: 0 | C23: 0 | D23: 0 | E23: 0 | F23: 0 | G23: =B23-C23-D23-E23-F23 -> 0 | H23: 0 | J23: =G23-H23 -> 0
A24: Outros Recursos não Vinculados
A25: TOTAL DOS RECURSOS VINCULADOS (II) | B25: =SUM(B26:B36) -> 0 | C25: =SUM(C26:C36) -> 0 | D25: =SUM(D26:D36) -> 0 | E25: =SUM(E26:E36) -> 0 | F25: =SUM(F26:F36) -> 0 | G25: =B25-C25-D25-E25-F25 -> 0 | H25: =SUM(H26:H36) -> 0 | I25: =SUM(I26:I36) -> 0 | J25: =G25-H25 -> 0
A26: Receitas de Impostos e de Transferência de Impostos - Educação | B26: 0 | C26: 0 | D26: 0 | E26: 0 | F26: 0 | G26: =B26-C26-D26-E26-F26 -> 0 | H26: 0 | J26: =G26-H26 -> 0
A27: Transferências do FUNDEB | B27: 0 | C27: 0 | D27: 0 | E27: 0 | F27: 0 | G27: =B27-C27-D27-E27-F27 -> 0 | H27: 0 | J27: =G27-H27 -> 0
A28: Outros Recursos Vinculados à Educação | B28: 0 | C28: 0 | D28: 0 | E28: 0 | F28: 0 | G28: =B28-C28-D28-E28-F28 -> 0 | H28: 0 | J28: =G28-H28 -> 0
A29: Receitas de Impostos e de Transferência de Impostos - Saúde | B29: 0 | C29: 0 | D29: 0 | E29: 0 | F29: 0 | G29: =B29-C29-D29-E29-F29 -> 0 | H29: 0 | J29: =G29-H29 -> 0
A30: Outros Recursos Destinados à Saúde | B30: 0 | C30: 0 | D30: 0 | E30: 0 | F30: 0 | G30: =B30-C30-D30-E30-F30 -> 0 | H30: 0 | J30: =G30-H30 -> 0
A31: Recursos Destinados à Vinculados Social | B31: 0 | C31: 0 | D31: 0 | E31: 0 | F31: 0 | G31: =B31-C31-D31-E31-F31 -> 0 | H31: 0 | J31: =G31-H31 -> 0
A32: Recursos Vinculados ao RPPS - Plano Previdenciário | B32: 0 | C32: 0 | D32: 0 | E32: 0 | F32: 0 | G32: =B32-C32-D32-E32-F32 -> 0 | H32: 0 | J32: =G32-H32 -> 0
A33: Recursos Vinculados ao RPPS - Plano Financeiro | G33: =B33-C33-D33-E33-F33 -> 0 | J33: =G33-H33 -> 0
A34: Recursos de Operações de Crédito (exceto destinados à Educação e à Saúde) | B34: 0 | C34: 0 | D34: 0 | E34: 0 | F34: 0 | G34: =B34-C34-D34-E34-F34 -> 0 | H34: 0 | J34: =G34-H34 -> 0
A35: Recursos de Alienação de Bens/Ativos | B35: 0 | C35: 0 | D35: 0 | E35: 0 | F35: 0 | G35: =B35-C35-D35-E35-F35 -> 0 | H35: 0 | J35: =G35-H35 -> 0
A36: Outros Recursos Vinculados | B36: 0 | C36: 0 | D36: 0 | E36: 0 | F36: 0 | G36: =B36-C36-D36-E36-F36 -> 0 | H36: 0 | J36: =G36-H36 -> 0
A37: TOTAL (III) = (I + II) | B37: =B22+B25 -> 0 | C37: =C22+C25 -> 0 | D37: =D22+D25 -> 0 | E37: =E22+E25 -> 0 | F37: =F22+F25 -> 0 | G37: =B37-C37-D37-E37-F37 -> 0 | H37: =H22+H25 -> 0 | I37: =I22+I25 -> 0 | J37: =G37-H37 -> 0
A38: FONTE: Sistema CECAM, Unidade Responsável: CONTABILIDADE. Emissão: 13/05/2022, às 07:58:01. Assinado Digitalmente no dia 13/05/2022, às 07:58:01.
A39: Nota:
A43: NILSON ALCIDES GASPAR | D43: MARIANA ALVES RIZATO | H43: LUIS HENRIQUE BORTOLETTO
A44: PREFEITO MUNICIPAL | D44: CONTADORA | H44: COORDENADOR DE SERVIÇOS DE CONTABILIDADE
D45: CRC - SP 321123/O-4 | H45: CRC-SP 289944/O-3

Sheet RGF-Anexo 06
A2: PREFEITURA MUNICIPAL DE INDAIATUBA
A3: Av. Eng. Fabio R. Barnabe, 2800 - Jd. Esplanada II
A4: C.N.P.J. 44.733.608/0001-09
A5: Telefone: (19) 3834-9000
A6: Tabela 7 - Demonstrativo Simplificado do Relatório de Gestão Fiscal
A8: PREFEITURA MUNICIPAL DE INDAIATUBA
A9: RELATÓRIO DE GESTÃO FISCAL
A10: DEMONSTRATIVO SIMPLIFICADO DO RELATÓRIO DE GESTÃO FISCAL
A11: ORÇAMENTOS FISCAL E DA SEGURIDADE SOCIAL
A12: Período: 1º Quadrimestre | B12: Mês
A18: LRF, art. 48 - Anexo 7 | B18: 1
A19: RECEITA CORRENTE LÍQUIDA | B19: VALOR ATÉ O MÊS
A20: Receita Corrente Líquida | B20: ='RGF-Anexo 01'!B47 -> 1.4473922e+09
A21: Receita Corrente Líquida Ajustada para Cálculo dos Limites de Endividamento | B21: ='RGF-Anexo 01'!B47-'RGF-Anexo 01'!B48 -> 1.4417398e+09
A22: Receita Corrente Líquida Ajustada para Cálculo dos Limites da Despesa Com Pessoal | B22: ='RGF-Anexo 01'!B50 -> 1.4417398e+09
A30: DESPESA COM PESSOAL | B30: VALOR | C30: % SOBRE A RCL
A31: Despesa Total com Pessoal - DTP | B31: ='RGF-Anexo 01'!B51 -> 4.9810977e+08 | C31: ='RGF-Anexo 01'!C51 -> 34.549214
A32: Limite Máximo (incisos I, II e III, art. 20 da LRF) - <%> | B32: ='RGF-Anexo 01'!B52 -> 7.785395e+08 | C32: ='RGF-Anexo 01'!C52 -> 54
A33: Limite Prudencial (parágrafo único, art. 22 da LRF) - <%> | B33: ='RGF-Anexo 01'!B53 -> 7.3961252e+08 | C33: ='RGF-Anexo 01'!C53 -> 51.3
A34: Limite de Alerta (inciso II do §1º do art. 59 da LRF) - <%> | B34: ='RGF-Anexo 01'!B54 -> 7.0068555e+08 | C34: ='RGF-Anexo 01'!C54 -> 48.6
A42: DÍVIDA CONSOLIDADA | B42: VALOR | C42: % SOBRE A RCL
A43: Dívida Consolidada Líquida | B43: =IF(A12="Período: 1º Quadrimestre",'RGF-Anexo 02'!C46,IF(A12="Período: 2º Quadrimestre",'RGF-Anexo 02'!D46,IF(A12="Período: 3º Quadrimestre",'RGF-Anexo 02'!E46,IF(A12="Período: 1º Semestre",'RGF-Anexo 02'!C47,IF(A12="Período: 1º Trimestre",'RGF-Anexo 02'!C47,IF(A12="Período: 1º Bimestre",'RGF-Anexo 02'!C47,IF(A12="Período: Janeiro",'RGF-Anexo 02'!C47,'RGF-Anexo 02'!D47))))))) -> -6.7680101e+08 | C43: =IF(B21>0,B43*100/B21,0) -> -46.943353
A44: Limite Definido por Resolução do Senado Federal | B44: =ROUND(B21*1.2,2) -> 1.7300878e+09 | C44: =IF(B21>0,B44*100/B21,0) -> 120
A52: GARANTIAS DE VALORES | B52: VALOR | C52: % SOBRE A RCL
A53: Total das Garantias Concedidas | B53: =IF(A12="Período: 1º Quadrimestre",'RGF-Anexo 03'!C32,IF(A12="Período: 2º Quadrimestre",'RGF-Anexo 03'!D32,IF(A12="Período: 3º Quadrimestre",'RGF-Anexo 03'!E32,IF(A12="Período: 1º Semestre",'RGF-Anexo 03'!C32,IF(A12="Período: 1º Trimestre",'RGF-Anexo 03'!C32,IF(A12="Período: 1º Bimestre",'RGF-Anexo 02'!C32,IF(A12="Período: Janeiro",'RGF-Anexo 02'!C32,D32))))))) -> 0 | C53: =IF(B21>0,B53*100/B21,0) -> 0
A54: Limite Definido por Resolução do Senado Federal | B54: =ROUND(B21*0.22,2) -> 3.1718276e+08 | C54: =IF(B21>0,B54*100/B21,0) -> 22
A62: OPERAÇÕES DE CRÉDITO | B62: VALOR | C62: % SOBRE A RCL
A63: Operações de Crédito Internas e Externas | B63: ='RGF-Anexo 04'!B50 -> 0 | C63: ='RGF-Anexo 04'!C50 -> 0
A64: Limite Definido pelo Senado Federal para Operações de Crédito Externas e Internas | B64: ='RGF-Anexo 04'!B51 -> 2.3067837e+08 | C64: ='RGF-Anexo 04'!C51 -> 16
A65: Operações de Crédito por Antecipação da Receita | B65: ='RGF-Anexo 04'!B53 -> 0 | C65: ='RGF-Anexo 04'!C53 -> 0
A66: Limite Definido pelo Senado Federal para Operações de Crédito por Antecipação da Receita | B66: ='RGF-Anexo 04'!B54 -> 1.0092179e+08 | C66: ='RGF-Anexo 04'!C54 -> 7
A73: RESTOS A PAGAR | B73: INSCRIÇÃO EM RESTOS A PAGAR NÃO PROCESSADOS DO EXERCÍCIO | C73: DISPONIBILIDADE DE CAIXA LÍQUIDA (APÓS A INSCRIÇÃO EM RESTOS A PAGAR NÃO PROCESSADOS DO EXERCÍCIO)
C74: EM RESTOS A PAGAR NÃO PROCESSADOS
A75: Valor Total
A76: FONTE: Sistema CECAM, Unidade Responsável: CONTABILIDADE. Emissão: 13/05/2022, às 07:58:01. Assinado Digitalmente no dia 13/05/2022, às 07:58:01.
A80: NILSON ALCIDES GASPAR | B80: MARIANA ALVES RIZATO | C80: LUIS HENRIQUE BORTOLETTO
A81: PREFEITO MUNICIPAL | B81: CONTADORA | C81: COORDENADOR DE SERVIÇOS DE CONTABILIDADE
B82: CRC - SP 321123/O-4 | C82: CRC-SP 289944/O-3
